AoeStats
← Francisco96F

Arena

511470959Analyzed
1v1 RM · 14d ago on Oct 5, 2026· 30m 33s· 2 players
Game mode
Random Map
Map size
Tiny (2 player)
Population
200
Speed
Normal
Resources
Standard
Victory
Conquest
Starting age
Dark Age
Ending age
Imperial Age
RankedLock teamsTeams togetherTeam positionsShared explorationLock speedFull tech treeHidden civsTurbo modeCheats
Victory
Defeat
🇵🇪 Japanese · Peru
658
+16
vs
🇪🇸 Japanese · Spain
649
-24
Gatsu
7:27 Loom
12:10 Feudal Age
12:36 Double-Bit Axe
12:32 Horse Collar
12:51 Gold Mining
18:22 Castle Age
22:00 Fervor
23:03 Wheelbarrow
22:13 Town Watch
23:43 Squires
24:14 Gambesons
24:16 Arson
26:33 Stone Mining
26:35 Treadmill Crane
27:06 Masonry
27:17 Ballistics
27:37 Pikeman
29:51 Town Patrol
Francisco96F
9:04 Loom
13:25 Feudal Age
15:24 Horse Collar
15:32 Double-Bit Axe
18:00 Castle Age
19:55 Bow Saw
20:56 Stone Mining
22:54 Wheelbarrow
27:00 Scale Mail Armor
28:35 Fletching
29:13 Fervor
30:34 Forging
30:25 Gold Mining
Connection lost

Rejoining the realm…

Still unreachable

The connection could not be restored.

Session expired

The server has moved on; the page needs a fresh start.